Map: 黄金之柱-天梯版

Players

TIME (Oliveira) - Winner!

  • Race: Terran Terran

Cyan

  • Race: Protoss Protoss

Event: DreamHack SC2 Masters 2020 Summer China

VOD

Have the link to the VOD?

Description

Time

  • Played on: July 5, 2020, 8:46 a.m.
  • Length: 10:02

All games in this series

Show
View Real Time Build Order
Export as new Build Order

TIME Terran - Winner!

Build Orders:  

Get SALT Encoding   

  12  0:00  SCV  
  13  0:12  SCV  
  14  0:18  Supply Depot  
  14  0:24  SCV  
  15  0:39  SCV  
  15  0:41  Barracks  
  16  0:47  Refinery  
  16  0:52  SCV  
  17  1:04  SCV  
  18  1:16  SCV  
  19  1:28  Marine  
  19  1:29  Orbital Command  
  20  1:43  Command Center  
  20  1:48  Barracks Reactor  
  20  1:54  SCV  
  20  1:59  Supply Depot  
  21  2:07  SCV  
  22  2:11  Factory  
  22  2:18  Refinery  
  22  2:19  SCV  
  23  2:25  Marine x2  
  25  2:31  SCV  
  25  2:36  Bunker  
  26  2:43  SCV, Marine x2  
  29  2:55  Widow Mine, Starport  
  31  2:58  SCV  
  32  3:07  Orbital Command  
  32  3:10  Marine  
  32  3:12  SCV  
  34  3:14  Marine  
  34  3:18  Widow Mine  
  37  3:25  SCV  
  38  3:28  Marine  
  38  3:32  Medivac, Marine  
  38  3:33  SCV  
  43  3:38  Supply Depot  
  43  3:40  SCV  
  44  3:42  Factory Tech Lab  
  44  3:46  SCV, Marine  
  46  3:59  SCV x2, Supply Depot, Marine  
  46  4:02  Siege Tank  
  52  4:03  Marine  
  53  4:13  Supply Depot  
  53  4:14  SCV  
  54  4:21  SCV, Marine x2, Liberator  
  54  4:23  Supply Depot  
  60  4:26  SCV  
  61  4:33  SCV  
  61  4:36  Siege Tank  
  66  4:38  SCV, Marine  
  66  4:43  Supply Depot  
  66  4:45  SCV  
  68  4:48  Marine  
  68  4:50  SCV  
  70  4:56  Marine  
  70  4:57  SCV  
  72  5:02  SCV  
  72  5:04  Starport Tech Lab  
  72  5:05  Marine  
  74  5:08  Siege Tank  
  74  5:09  SCV  
  78  5:14  SCV, Marine  
  80  5:21  SCV  
  80  5:23  Marine  
  80  5:25  Supply Depot, Command Center  
  82  5:34  Barracks x2  
  82  5:36  SCV  
  82  5:38  SCV  
  82  5:40  Refinery  
  83  5:48  Marine  
  83  5:49  Siege Tank  
  87  5:54  SCV  
  87  5:56  Marine  
  88  6:03  Bunker  
  85  6:09  Marine  
  85  6:11  Bunker  
  85  6:12  Bunker  
  85  6:16  SCV  
  83  6:18  Engineering Bay x2  
  83  6:19  Refinery  
  83  6:20  SCV  
  83  6:25  Bunker, Marine  
  83  6:30  Siege Tank  
  76  6:40  Marine  
  76  6:43  SCV  
  76  6:45  SCV, Orbital Command  
  79  6:48  Barracks Tech Lab x2  
  79  6:52  Raven  
  81  6:55  SCV  
  81  6:57  SCV  
  83  7:03  Marine x2  
  83  7:07  SCV  
  83  7:08  Siege Tank  
  85  7:09  Stimpack  
  85  7:10  Marine  
  84  7:16  Marine  
  84  7:20  SCV  
  84  7:21  Marine  
  83  7:23  SCV  
  83  7:28  Marauder  
  82  7:32  Marine  
  82  7:34  Marine  
  82  7:35  SCV x2  
  78  7:39  Combat Shield, Orbital Command  
  78  7:45  Starport Reactor  
  78  7:47  SCV  
  78  7:48  SCV  
  78  7:49  Marine  
  78  7:50  Marauder, Marine  
  84  7:52  Siege Tank  
  82  7:59  SCV, Terran Infantry Weapons Level 1  
  82  8:00  Terran Infantry Armor Level 1  
  82  8:01  SCV  
  84  8:10  SCV  
  84  8:11  SCV  
  86  8:13  SCV, Marauder, Marine x2  
  86  8:14  Marauder  
  93  8:22  SCV, Barracks  
  93  8:23  SCV, Barracks  
  93  8:25  SCV  
  96  8:30  Viking x2  
  96  8:33  Marine x2  
  102  8:34  SCV  
  102  8:36  Supply Depot  
  102  8:40  Supply Depot, Marauder  
  105  8:41  SCV  
  105  8:42  SCV  
  105  8:43  Marine  
  108  8:50  Siege Tank  
  108  8:51  Concussive Shells  
  109  8:56  Supply Depot  
  109  8:57  Marine x2  
  109  8:58  SCV x2  
  109  9:00  Medivac x2, Supply Depot  
  109  9:01  Marauder  
  118  9:04  SCV  
  118  9:08  Marine  
  118  9:14  Barracks Reactor, Barracks Tech Lab  
  118  9:15  Marine x2  
  118  9:16  SCV  
  120  9:17  SCV x2  
  120  9:19  Armory, Refinery  
  120  9:20  Supply Depot  
  120  9:22  Refinery  
  120  9:23  Marauder  
  124  9:27  Marauder, Siege Tank  
  128  9:33  Marine x2  
  125  9:40  Marine  
  128  9:50  SCV  
Show
View Real Time Build Order
Export as new Build Order

Cyan Protoss 

Build Orders: 1 Gate Expand, Oracle Opening, Colossus Rush 

Get SALT Encoding   

  12  0:00  Probe  
  13  0:12  Probe  
  14  0:18  Pylon  
  14  0:24  Probe  
  15  0:32  Probe  
  15  0:38  Gateway  
  15  0:41  Probe  
  16  0:47  Assimilator  
  17  0:51  Probe  
  18  1:03  Probe  
  19  1:15  Probe  
  20  1:27  Cybernetics Core  
  20  1:35  Nexus  
  20  1:39  Probe  
  21  1:45  Pylon  
  21  1:51  Probe  
  21  1:53  Adept, Assimilator  
  22  2:03  Probe  
  22  2:06  Warp Gate  
  25  2:15  Probe  
  25  2:18  Sentry  
  26  2:27  Probe  
  29  2:33  Shield Battery  
  29  2:40  Probe, Oracle  
  30  2:44  Probe  
  30  2:46  Robotics Facility  
  31  2:52  Probe x2  
  31  2:55  Stalker  
  35  3:02  Probe  
  35  3:04  Probe  
  37  3:10  Gateway  
  37  3:15  Probe, Gateway  
  37  3:16  Probe  
  39  3:24  Probe  
  39  3:27  Pylon  
  39  3:28  Probe  
  39  3:33  Observer  
  42  3:34  Probe  
  42  3:41  Probe  
  44  3:43  Assimilator x2  
  44  3:46  Probe  
  44  3:48  Observer  
  45  3:53  Probe  
  47  3:56  Pylon  
  47  3:57  Stalker  
  47  3:58  Probe  
  50  4:05  Probe  
  50  4:06  Observer  
  50  4:09  Stalker  
  54  4:11  Probe  
  54  4:15  Stalker  
  57  4:17  Probe  
  57  4:19  Probe  
  57  4:20  Pylon  
  57  4:23  Robotics Bay  
  59  4:29  Probe x2  
  59  4:30  Observer  
  62  4:41  Probe  
  63  4:46  Stalker  
  63  4:47  Stalker  
  63  4:49  Probe  
  63  4:51  Observer  
  63  4:52  Warp Prism  
  68  4:55  Nexus  
  67  5:05  Pylon  
  69  5:20  Extended Thermal Lance  
  69  5:25  Stalker  
  69  5:27  Sentry  
  73  5:30  Stalker  
  73  5:33  Shield Battery  
  75  5:38  Colossus  
  75  5:40  Pylon  
  75  5:47  Probe  
  75  5:49  Pylon  
  74  5:52  Pylon  
  73  6:01  Stalker  
  73  6:02  Stalker x2  
  65  6:27  Stalker x2  
  65  6:28  Stalker  
  54  6:48  Disruptor  
  54  6:50  Observer  
  57  6:56  Stalker  
  58  7:09  Probe x2  
  58  7:15  Stalker  
  55  7:40  Gateway  
  55  7:43  Gateway  
  50  7:47  Pylon  
  50  7:48  Gateway  
  48  7:54  Observer  
  48  7:56  Stalker  
  48  7:58  Gravitic Drive  
  47  8:02  Robotics Facility  
  47  8:03  Probe x2  
  47  8:05  Shield Battery  
  49  8:06  Probe  
  50  8:13  Pylon  
  50  8:15  Probe, Assimilator  
  50  8:19  Forge  
  51  8:21  Forge  
  51  8:24  Sentry  
  51  8:26  Probe x2  
  52  8:29  Probe  
  55  8:34  Probe x2  
  57  8:41  Probe  
  57  8:44  Probe x2  
  57  8:45  Colossus  
  57  8:46  Sentry  
  57  8:47  Sentry  
  64  8:53  Probe  
  71  8:56  Probe  
  71  8:58  Probe  
  73  9:07  Probe  
  73  9:08  Probe  
  74  9:10  Probe  
  74  9:16  Probe  
  76  9:19  Twilight Council  
  76  9:20  Probe, Zealot  
  76  9:22  Probe  
  81  9:24  Zealot  
  83  9:33  Zealot x2  
  87  9:45  Zealot x2  
Tags
 
Add a new tag
Caveats
  • Supply blocks, unpowered buildings, or Contaminate may cause inaccurate times.
  • Supply counts are checked every 10 seconds.